 Dungeon Crawl Stone Soup version 0.23-a0-108-gf7ee2ed (webtiles) character file.

7255 TheOrbIsALie the Zephyrmancer (level 10, -2/64 HPs)
             Began as a Demonspawn Air Elementalist on Aug 21, 2018.
             Was an Elder of Sif Muna.
             Slain by an ice beast (5 damage)
             ... on level 10 of the Dungeon.
             The game lasted 00:31:16 (9549 turns).

TheOrbIsALie the Zephyrmancer (DsAE)                Turns: 9549, Time: 00:31:16

Health: -2/64      AC:  6    Str:  9    XL:     10   Next: 88%
Magic:  14/20      EV: 12    Int: 20    God:    Sif Muna [****..]
Gold:   786        SH:  9    Dex: 13    Spells: 13/23 levels left

rFire    . . .     SeeInvis .   D - +0 blowgun
rCold    . . .     Gourm    .   g - +0 buckler
rNeg     . . .     Faith    .   a - +0 robe
rPois    +         Spirit   .   (helmet unavailable)
rElec    .         Reflect  +   e - +0 cloak
rCorr    .         Harm     .   S - +0 pair of gloves
MR       .....                  (no boots)
Stlth    ++........             m - +4 amulet of reflection
HPRegen  0.20/turn              J - ring of wizardry
MPRegen  0.17/turn              M - ring of poison resistance

@: no status effects
A: horns 3, icy blue scales 1, powered by death 1
a: Divine Energy, Channel Magic, Forget Spell, Renounce Religion


You were on level 10 of the Dungeon.
You worshipped Sif Muna.
Sif Muna was greatly pleased with you.
You were near starving.

You visited 2 branches of the dungeon, and saw 11 of its levels.

You collected 786 gold pieces.

Inventory:

Hand Weapons
 t - a +1 whip of electrocution
 u - a +0 long sword
 D - a +0 blowgun (weapon)
Missiles
 y - 10 silver javelins
 E - 8 curare-tipped needles (quivered)
Armour
 a - a +0 robe (worn)
 e - a +0 cloak (worn)
 g - a +0 buckler (worn)
 A - a +4 scale mail
 S - a +0 pair of gloves (worn)
Jewellery
 m - a +4 amulet of reflection (around neck)
 v - an uncursed amulet of faith {unknown}
 G - a +5 ring of strength
 J - a ring of wizardry (left hand)
 K - an uncursed ring of protection from fire
 M - a ring of poison resistance (right hand)
 Q - an uncursed ring of protection from magic {unknown}
Wands
 F - a wand of digging (6)
 L - a wand of paralysis (16)
Scrolls
 d - 2 scrolls of enchant armour {unknown}
 j - 2 scrolls of magic mapping {unknown}
 k - 3 scrolls of fog {unknown}
 l - 9 scrolls of remove curse
 n - 2 scrolls of enchant weapon {unknown}
 p - 3 scrolls of amnesia
 r - 9 scrolls of identify
 s - 2 scrolls of blinking {unknown}
 w - 2 scrolls of random uselessness {unknown}
 C - 2 scrolls of teleportation {unknown}
 I - a scroll of immolation {unknown}
 O - a scroll of noise {unknown}
 P - a scroll of vulnerability {unknown}
Potions
 b - a potion of mutation {unknown}
 f - a potion of resistance {unknown}
 h - 3 potions of heal wounds
 i - 4 potions of agility
 o - a potion of flight {unknown}
 q - 2 potions of berserk rage {unknown}
 x - 3 potions of haste {unknown}
 z - 5 potions of curing {unknown}
 B - a potion of lignification {unknown}
 H - 2 potions of degeneration {unknown}
 N - a potion of ambrosia {unknown}
 R - a potion of might {unknown}
Comestibles
 c - 21 rations


   Skills:
 + Level 0.7 Fighting
 - Level 1.7 Dodging
 - Level 1.7 Stealth
 - Level 4.2 Shields
 - Level 7.0 Spellcasting
 - Level 6.0 Conjurations
 - Level 12.0 Air Magic


You had 13 spell levels left.
You knew the following spells:

 Your Spells              Type           Power        Failure   Level  Hunger
a - Shock                 Conj/Air       ####         1%          1    None
b - Airstrike             Air            ######....   1%          4    ###....
c - Lightning Bolt        Conj/Air       #####.....   2%          5    #####..

Your spell library contained the following spells:

 Spells                   Type           Power        Failure   Level  Hunger
 Swiftness                Chrm/Air       ####....     1%          2    None
 Static Discharge         Conj/Air       #####...     1%          3    #......


Dungeon Overview and Level Annotations

Branches:
Dungeon (10/15)            Temple (1/1) D:4            Lair (0/6) D:10
    Orc (0/2) D:9

Altars:
Ashenzari
Cheibriados
Dithmenos
Elyvilon
Fedhas
Gozag
Hepliaklqana
Kikubaaqudgha
Makhleb
Nemelex Xobeh
Okawaru
Qazlal
Ru
Sif Muna
Trog
Uskayaw
Vehumet
Wu Jian
Xom
Yredelemnul
Zin
The Shining One

Annotations:
D:6 Eustachio
D:7 exclusion: ice statue


Innate Abilities, Weirdness & Mutations

You have a pair of large horns on your head.
You are partially covered in icy blue scales. (AC +2)
You regenerate a little health from kills.


Message History

Something hits you.
As you read the scroll labeled NOEPNI XAESAAMM, it crumbles to dust.
It is a scroll of amnesia.
Okay, then.
Something hits you!
Unknown command.
Something hits you but does no damage. Something hits you.
The ice beast hits you but does no damage.
Something hits you. Something hits you. The ice beast hits you.
The ice beast freezes you.
* * * LOW HITPOINT WARNING * * *
Something hits you.
* * * LOW HITPOINT WARNING * * *
Something hits you!
* * * LOW HITPOINT WARNING * * *
The ice beast hits you.
* * * LOW HITPOINT WARNING * * *
The ice beast freezes you.
You die...

#.5T.................# #.
....)#####..#####........####.
....# #..# ...........<. #!#.#
#..# ............. # ## #..#
........####. #5T# ........#
#. .#####..#####........# #.
.........Y............# #.
..........@...........# #.
..........####........ #.
..........# . #. ..........#
#. ..........# #. ..........#
#. ########## ##


You could see a troll, an ice beast and a crimson imp.

Vanquished Creatures
  3 two-headed ogres
  Pikel (D:4)
  Grinder (D:3)
  A hippogriff (D:10)
  5 yaks (D:6)
  A hungry ghost (D:8)
  Edmund (D:5)
  2 water moccasins
  A black bear (D:8)
  An ice beast (D:7)
  2 orc warriors
  A phantom (D:9)
  2 ogres (D:4)
  3 centaurs
  A crocodile (D:9)
  2 bullfrogs (D:8)
  A big kobold (D:6)
  2 scorpions
  3 wights (D:9)
  5 howler monkeys
  4 crimson imps
  4 jellies
  4 hounds
  3 bullfrog zombies
  9 orc wizards
  11 orc priests
  2 bullfrog skeletons
  An iguana (D:7)
  A centaur skeleton (D:9)
  5 worker ants
  A statue (D:6)
  A killer bee zombie (D:8)
  A hound zombie (D:8)
  A worker ant zombie (D:8)
  Robin (D:3)
  11 adders
  4 gnolls (D:3)
  2 shadow imps
  A white imp (D:7)
  6 oozes
  2 adder skeletons
  2 dart slugs
  A worm (D:2)
  5 leopard geckos
  38 orcs
  6 bats
  9 giant cockroaches
  13 goblins
  7 hobgoblins
  10 jackals
  16 kobolds
  A ball python (D:4)
  6 frilled lizards
  A leopard gecko zombie (D:8)
  A quokka skeleton (D:5)
  4 rats
234 creatures vanquished.

Vanquished Creatures (others)
  A centaur (D:10)
  A plant (D:10)
2 creatures vanquished.

Grand Total: 236 creatures vanquished

Notes
Turn   | Place    | Note
-------+----------+-------------------------------------------
     0 | D:1      | TheOrbIsALie the Demonspawn Air Elementalist began the quest for the Orb.
     0 | D:1      | Reached XP level 1. HP: 13/13 MP: 3/3
   169 | D:1      | Reached skill level 3 in Air Magic
   252 | D:1      | Gained mutation: You have a pair of small horns on your head. [demonic ancestry]
   252 | D:1      | Reached XP level 2. HP: 19/19 MP: 0/5
   899 | D:1      | Reached XP level 3. HP: 24/24 MP: 3/6
  1015 | D:2      | Found an iron altar of Okawaru.
  1042 | D:2      | Found a white marble altar of Elyvilon.
  1426 | D:2      | Found a shimmering altar of Xom.
  1489 | D:3      | Reached XP level 4. HP: 23/30 MP: 2/7
  1497 | D:3      | Reached skill level 4 in Air Magic
  1821 | D:3      | Found a basalt altar of Yredelemnul.
  1823 | D:3      | Noticed a profane servitor
  1834 | D:3      | Found a glowing golden altar of the Shining One.
  1836 | D:3      | Noticed an angel
  1886 | D:3      | Noticed Robin
  1894 | D:3      | Killed Robin
  1894 | D:3      | Gained mutation: You are partially covered in icy blue scales. (AC +2) [demonic ancestry]
  1894 | D:3      | Reached XP level 5. HP: 26/35 MP: 1/8
  2144 | D:3      | Found a sparkling altar of Nemelex Xobeh.
  2257 | D:3      | Noticed Grinder
  2266 | D:3      | Learned a level 4 spell: Airstrike
  2277 | D:3      | Killed Grinder
  2277 | D:3      | Reached skill level 5 in Conjurations
  2277 | D:3      | Gained mutation: You regenerate a little health from kills. [demonic ancestry]
  2277 | D:3      | Reached XP level 6. HP: 31/41 MP: 0/9
  2525 | D:3      | Reached skill level 5 in Air Magic
  2773 | D:4      | Gained mutation: You have a pair of horns on your head. [demonic ancestry]
  2773 | D:4      | Reached XP level 7. HP: 46/46 MP: 2/10
  2897 | D:3      | Reached skill level 6 in Air Magic
  3288 | D:4      | Noticed Pikel
  3322 | D:4      | Killed Pikel
  3322 | D:4      | Reached skill level 8 in Air Magic
  3322 | D:4      | Reached XP level 8. HP: 39/52 MP: 0/11
  3561 | D:4      | Found a staircase to the Ecumenical Temple.
  3567 | Temple   | Entered the Ecumenical Temple
  3741 | D:4      | Found a deep blue altar of Sif Muna.
  3747 | D:4      | Became a worshipper of Sif Muna the Loreminder
  3785 | D:5      | Entered Level 5 of the Dungeon
  4273 | D:5      | Reached skill level 9 in Air Magic
  4422 | D:5      | Noticed Edmund
  4491 | D:5      | Killed Edmund
  4996 | D:6      | Found a radiant altar of Vehumet.
  5087 | D:6      | Reached * piety under Sif Muna
  5285 | D:6      | Reached XP level 9. HP: 55/57 MP: 12/15
  5392 | D:6      | Noticed Eustachio
  5443 | D:6      | Reached skill level 5 in Spellcasting
  5539 | D:6      | Reached ** piety under Sif Muna
  5984 | D:7      | Found a blossoming altar of Fedhas.
  6311 | D:7      | Found a shadowy altar of Dithmenos.
  6685 | D:7      | Noticed an ice statue
  6931 | D:8      | Reached skill level 10 in Air Magic
  7038 | D:8      | Reached *** piety under Sif Muna
  7383 | D:8      | Gained mutation: You have a pair of large horns on your head. [demonic ancestry]
  7383 | D:8      | Reached XP level 10. HP: 56/63 MP: 7/20
  7564 | D:9      | Noticed a two-headed ogre
  7600 | D:9      | Killed a two-headed ogre
  7600 | D:9      | Reached skill level 11 in Air Magic
  7970 | D:9      | Found a staircase to the Orcish Mines.
  8127 | D:9      | Noticed a two-headed ogre
  8155 | D:9      | Killed a two-headed ogre
  8155 | D:9      | Reached **** piety under Sif Muna
  8287 | D:9      | Reached skill level 12 in Air Magic
  8420 | D:9      | Found a snail-covered altar of Cheibriados.
  8837 | D:9      | Found a sacrificial altar of Ru.
  8843 | D:9      | Found a shimmering altar of Xom.
  8848 | D:9      | Found a burning altar of Makhleb.
  8875 | D:10     | Entered Level 10 of the Dungeon
  8936 | D:10     | Reached skill level 1 in Shields
  9050 | D:10     | Found a staircase to the Lair.
  9205 | D:10     | Learned a level 5 spell: Lightning Bolt
  9336 | D:10     | Noticed a two-headed ogre
  9364 | D:10     | Killed a two-headed ogre
  9549 | D:10     | HP: 3/64 [ice beast (5)]
  9549 | D:10     | Slain by an ice beast

Vault maps used:
D:1:      dpeg_arrival_tiny_d
D:2:      elyvilon_altar_1, nicolae_overflow_hidden_temple, xom_teletrap_fun
D:3:      grunt_temple_overflow_holy_war, marbit_many_paths, uniq_robin,
          uniq_grinder
D:4:      led_sif_pool, temple_green, uniq_pikel
D:5:      first_ration, uniq_edmund
D:6:      vehumet_statue, uniq_eustachio
D:7:      lemuel_ice_statue, nicolae_dithmenos_the_darkroom, fedhas_altar_4,
          minmay_fire_ice_demons
D:9:      nicolae_overflow_crystal_walls, minitemple
D:10:     minmay_bloctagon_deflated, david_lair_shrubbed,
          hangedman_little_slice_of_home, minmay_statues_item
Temple:   compressed_dpeg_triangle_lava_temple

Skill      XL: |  1  2  3  4  5  6  7  8  9 10 |
---------------+-------------------------------+-----
Air Magic      | 3 4 5 8 9 10 12 | 12.0
Conjurations   | 2 3 5 6 |  6.0
Spellcasting   | 4 7 |  7.0
Shields        | 4 |  4.2
Fighting       | |  0.7
Dodging        | |  1.7
Stealth        | |  1.7

Action                   |  1- 3 |  4- 6 |  7- 9 | 10-12 || total
-------------------------+-------+-------+-------+-------++-------
Melee: Short sword       |    28 |    15 |       |       ||    43
       Unarmed           |     4 |       |       |       ||     4
       Headbutt          |     1 |    10 |    13 |     3 ||    27
       Long sword        |       |    24 |    50 |    18 ||    92
 Fire: Blowgun           |       |       |     2 |     6 ||     8
 Cast: Shock             |    69 |    91 |   271 |    88 ||   519
       Airstrike         |       |     1 |    26 |    27 ||    54
       Lightning Bolt    |       |       |       |     2 ||     2
  Use: Scroll            |       |     1 |       |     2 ||     3
       Potion            |       |     1 |     1 |       ||     2
 Stab: Sleeping          |     1 |       |       |       ||     1
  Eat: Chunk             |     3 |     5 |    12 |     6 ||    26
       Ration            |       |       |     2 |     1 ||     3
Armor: Robe              |    12 |    14 |    37 |    16 ||    79
Dodge: Dodged            |    31 |    38 |   101 |    40 ||   210
Block: Other             |     1 |    10 |    27 |     8 ||    46
       Reflection        |       |       |     2 |     1 ||     3
       Buckler           |       |       |       |     2 ||     2
       Rpst.: Long sword |       |     8 |    29 |    11 ||    48

Table legend:
 A = Non-vault XP
 B = Vault XP
 C = Vault XP percentage of total XP
 D = Non-vault monster count
 E = Vault monster count
 F = Vault count percentage of total count
                 A         B        C        D         E       F
            +---------+---------+-------+---------+---------+-------
      Total |    8855 |    1510 |  14.6 |     208 |      27 |  11.5
            +---------+---------+-------+---------+---------+-------
        D:1 |      41 |       0 |   0.0 |      21 |       0 |   0.0
        D:2 |      26 |       0 |   0.0 |      13 |       0 |   0.0
        D:3 |     345 |     314 |  47.6 |      37 |      13 |  26.0
        D:4 |     481 |     651 |  57.5 |      12 |       1 |   7.7
        D:5 |     522 |     162 |  23.7 |      27 |       1 |   3.6
        D:6 |    1517 |      32 |   2.1 |      22 |       1 |   4.3
        D:7 |     538 |      57 |   9.6 |      14 |       2 |  12.5
        D:8 |     936 |       0 |   0.0 |      21 |       0 |   0.0
        D:9 |    2946 |       0 |   0.0 |      27 |       0 |   0.0
       D:10 |    1503 |     294 |  16.4 |      14 |       9 |  39.1
            +---------+---------+-------+---------+---------+-------
